 Dungeon Crawl Stone Soup version 0.28.0-47-ge53b351184 (webtiles) character file.

Game seed: 1360269720287317712

524763 croobank the Hoplite (level 25, -20/229 (232) HPs)
             Began as a Hill Orc Fighter on May 3, 2022.
             Was a High Priest of Beogh.
             Killed from afar by a black draconian knight (33 damage)
             ... with a bolt of lightning
             ... on level 4 of the Realm of Zot on May 4, 2022.
             The game lasted 08:17:51 (72145 turns).

croobank the Hoplite (Hill Orc Fighter)            Turns: 72145, Time: 08:17:51

HP:   -20/229 (232) AC: 32    Str: 35      XL:     25   Next: 42%
MP:   30/37         EV: 14    Int:  5 (6)  God:    Beogh [*****.]
Gold: 5733          SH: 23    Dex: 13 (14) Spells: 24/24 levels left

rFire   + + .      SeeInvis +   l - +9 demon trident (flame)
rCold   + + .      Faith    .   c - +3 kite shield of Jasoriniu {Rampage Str+3}
rNeg    . . .      Spirit   .   S - +1 gold dragon scales
rPois   +          Reflect  +   y - +2 helmet {SInv}
rElec   .          Harm     .   Q - +1 cloak "Pouq" {Regen+ Str+3}
rCorr   +          Rampage  +   e - +2 pair of gloves {Stlth+}
Will    +....      Rage     1%  R - +1 pair of boots {rampage}
Stlth   .......... Rnd*Tele +   C - amulet of Qecwuif {Reflect *Corrode rF+ Regen+ SH+5}
HPRegen 2.08/turn               m - ring of resist corrosion
MPRegen 0.25/turn               N - ring of Doubts {rC+ Dex+6}

@: on berserk cooldown, studying Earth Magic, lightly drained
A: walk on water, hooves 1, berserk 1, clumsy 1, deformed body, deterioration 2,
dopey 1, screaming 1, teleportitis 2, weak 1
}: 3/15 runes: decaying, silver, gossamer
a: Renounce Religion, Smiting, Recall Orcish Followers, Give Item to Named
Follower


You were on level 4 of the Realm of Zot.
You worshipped Beogh.
Beogh was extremely pleased with you.
You visited 10 branches of the dungeon, and saw 49 of its levels.
You visited the Abyss 3 times.
You visited 2 bazaars.
You also visited: Sewer, Ossuary and Volcano.

You collected 7321 gold pieces.
You spent 1588 gold pieces at shops.

Inventory:

Hand Weapons
 a - a +2 battleaxe of freezing
 l - a +9 demon trident of flaming (weapon)
 p - the +6 trident of Wealth {elec, rElec rF+ rN+}
   (You found it on level 6 of the Lair of Beasts)

   It occasionally discharges a powerful burst of electricity upon striking a
   foe.
   rF:        It protects you from fire.
   rElec:     It insulates you from electricity.
   rN:        It protects you from negative energy.
 U - a +2 long sword of holy wrath
Missiles
 D - 5 curare-tipped darts (quivered)
 M - 3 throwing nets
Armour
 c - the +3 kite shield of Jasoriniu (worn) {Rampage Str+3}
   (You found it on level 1 of the Vaults)

   Str:       It affects your strength (+3).
   Rampage:   It bestows one free step when moving towards enemies.
 e - a +2 pair of gloves of stealth (worn)
 y - a +2 helmet of see invisible (worn)
 Q - the +1 cloak "Pouq" (worn) {Regen+ Str+3}
   (You acquired it in a bazaar)

   Str:       It affects your strength (+3).
   Regen:     It increases your rate of health regeneration.
 R - a +1 pair of boots of rampaging (worn)
 S - +1 gold dragon scales (worn)
Jewellery
 b - a +6 ring of dexterity
 i - the ring of Soded {Dex+6 Stlth+}
   (You bought it in a shop in a bazaar)

   [ring of dexterity]

   Dex:       It affects your dexterity (+6).
   Stlth:     It makes you more stealthy.
 j - a +4 ring of evasion
 k - a +4 ring of protection
 m - a ring of resist corrosion (left hand)
 v - an amulet of guardian spirit
 C - the amulet of Qecwuif (around neck) {Reflect *Corrode rF+ Regen+ SH+5}
   (You took it off a frost giant on level 4 of the Vaults)

   [amulet of reflection]

   It reflects blocked missile attacks.
   rF:        It protects you from fire.
   Regen:     It increases your rate of health regeneration.
   *Corrode:  It may corrode you when you take damage.
   SH:        It affects your SH (+5).
 I - a ring of protection from fire
 N - the ring of Doubts (right hand) {rC+ Dex+6}
   (You took it off a necromancer on level 3 of the Depths)

   [ring of dexterity]

   Dex:       It affects your dexterity (+6).
   rC:        It protects you from cold.
 O - a ring of willpower
 X - a +4 ring of slaying
Wands
 d - a wand of mindburst (20)
 g - a wand of digging (14)
 w - a wand of iceblast (49)
 P - a wand of charming (26)
 T - a wand of paralysis (28)
 Y - a wand of flame (109)
Scrolls
 o - 2 scrolls of enchant armour
 r - 9 scrolls of magic mapping
 A - a scroll of fear
 F - 18 scrolls of teleportation
 G - 5 scrolls of fog
 Z - 5 scrolls of brand weapon
Potions
 t - a potion of cancellation
 u - a potion of berserk rage
 x - 8 potions of flight
 z - 5 potions of ambrosia
 B - 6 potions of mutation
 E - 2 potions of might
 J - 10 potions of resistance
 K - 2 potions of invisibility
 V - 6 potions of curing
Miscellaneous
 h - a phantom mirror (inert)
 s - a box of beasts
 H - a phial of floods (inert)
 L - a lightning rod (4/4)


   Skills:
 - Level 20.2 Fighting
 - Level 9.6(17.6) Axes
 + Level 19.7(20.2) Polearms
 + Level 21.1 Armour
 + Level 17.8 Dodging
 + Level 21.2 Shields
 - Level 20.8 Invocations


You had 24 spell levels left.
You didn't know any spells.
Your spell library contained the following spells:

 Spells                   Type           Power      Damage    Failure   Level
 Animate Skeleton         Necr           0%         N/A       99%         1
 Apportation              Tloc           0%         N/A       99%         1
 Beastly Appendage        Tmut           0%         N/A       99%         1
 Freeze                   Ice            0%         1d3       99%         1
 Pain                     Necr           0%         1d4       99%         1
 Shock                    Conj/Air       0%         1d3       99%         1
 Summon Small Mammal      Summ           0%         N/A       99%         1
 Blink                    Tloc           0%         N/A       100%        2
 Corpse Rot               Necr/Air       0%         N/A       100%        2
 Ensorcelled Hibernation  Hex/Ice        0%         N/A       100%        2
 Sublimation of Blood     Necr           0%         N/A       100%        2
 Wereblood                Tmut           0%         N/A       100%        2
 Call Canine Familiar     Summ           0%         N/A       100%        3
 Dazzling Flash           Conj/Hex       0%         N/A       100%        3
 Frozen Ramparts          Ice            0%         1d2       100%        3
 Gell's Gravitas          Tloc           0%         N/A       100%        3
 Ignite Poison            Fire/Tmut/Pois 0%         N/A       100%        3
 Ozocubu's Armour         Ice            0%         N/A       100%        3
 Portal Projectile        Hex/Tloc       0%         N/A       100%        3
 Spider Form              Tmut/Pois      0%         N/A       100%        3
 Summon Guardian Golem    Hex/Summ       0%         N/A       100%        3
 Swiftness                Air            0%         N/A       100%        3
 Teleport Other           Tloc           0%         N/A       100%        3
 Airstrike                Air            0%         N/A       100%        4
 Anguish                  Hex/Necr       0%         N/A       100%        4
 Cause Fear               Hex            0%         N/A       100%        4
 Flame Wave               Conj/Fire      0%         2d4       100%        4
 Fulminant Prism          Conj/Hex       0%         3d6       100%        4
 Hailstorm                Conj/Ice       0%         3d3       100%        4
 Ice Form                 Ice/Tmut       0%         N/A       100%        4
 Iskenderun's Mystic Bla  Conj/Tloc      0%         2d3       100%        4
 Leda's Liquefaction      Hex/Erth       0%         N/A       100%        4
 Olgreb's Toxic Radiance  Pois           0%         N/A       100%        4
 Petrify                  Tmut/Erth      0%         N/A       100%        4
 Summon Lightning Spire   Summ/Air       0%         N/A       100%        4
 Agony                    Necr           0%         N/A       100%        5
 Alistair's Intoxication  Tmut/Pois      0%         N/A       100%        5
 Blade Hands              Tmut           0%         N/A       100%        5
 Borgnjor's Vile Clutch   Necr/Erth      0%         N/A       100%        5
 Excruciating Wounds      Necr           0%         N/A       100%        5
 Fireball                 Conj/Fire      0%         3d3       100%        5
 Freezing Cloud           Conj/Ice/Air   0%         6-21      100%        5
 Iskenderun's Battlesphe  Conj           0%         2d6       100%        5
 Lee's Rapid Deconstruct  Erth           0%         3d5*      100%        5
 Manifold Assault         Tloc           0%         N/A       100%        5
 Metabolic Englaciation   Hex/Ice        0%         N/A       100%        5
 Silence                  Hex/Air        0%         N/A       100%        5
 Conjure Ball Lightning   Conj/Air       0%         3x3d6     100%        6
 Dispersal                Tloc           0%         N/A       100%        6
 Eringya's Noxious Bog    Tmut/Pois      0%         N/A       100%        6
 Simulacrum               Ice/Necr       0%         N/A       100%        6
 Statue Form              Tmut/Erth      0%         N/A       100%        6
 Orb of Destruction       Conj           0%         9d5       100%        7
 Ozocubu's Refrigeration  Ice            0%         4d5       100%        7
 Spellforged Servitor     Conj/Summ      0%         N/A       100%        7
 Storm Form               Tmut/Air       0%         N/A       100%        7
 Summon Hydra             Summ           0%         N/A       100%        7
 Ignition                 Fire           0%         3d3       100%        8
 Maxwell's Capacitive Co  Air            0%         ∞         100%        8
 Necromutation            Tmut/Necr      0%         N/A       100%        8
 Death's Door             Necr           0%         N/A       100%        9
 Polar Vortex             Ice            0%         N/A       100%        9


Dungeon Overview and Level Annotations

Branches:
Dungeon (15/15)            Temple (0/1) D:4            Lair (6/6) D:8
  Swamp (4/4) Lair:2       Spider (4/4) Lair:3        Slime (2/5) Lair:6
    Orc (2/2) D:9             Elf (3/3) Orc:2        Vaults (5/5) D:13
  Crypt (0/3) Vaults:3     Depths (4/4) D:15            Zot (4/5) Depths:4
  Sewer (visited)         Ossuary (visited)         Volcano (visited)

Altars:
Ashenzari
Elyvilon
Fedhas
Gozag
Hepliaklqana
Kikubaaqudgha
Makhleb
Ru
Sif Muna
Trog
Vehumet
Wu Jian
Xom
Yredelemnul
Zin
The Shining One
Beogh
Jiyva

Shops:
Orc:2 [*(:((   Elf:1 [   Elf:3 =(   Depths:1 :   Depths:2 =::

Portals:
Hell: Depths:1 Depths:2 Depths:3 Depths:4
Abyss: Depths:1 Depths:3 Depths:4
Pandemonium: Depths:2
Ziggurat: Depths:3
Trove: Vaults:1 (give +2 gold dragon scales)

Annotations:
D:14 3 runed translucent doors
Swamp:3 1 runed translucent door, Amet's ghost, journeyman MiBe
Depths:1 1 runed translucent door, mrw3rdna's ghost, veteran MiAK
Zot:4 16 runed doors


Innate Abilities, Weirdness & Mutations

You can walk on water.
You have large cloven feet.
You tend to lose your temper in combat.
You are clumsy. (Dex -2)
Armour fits poorly on your strangely shaped body.
Your body often deteriorates upon taking damage.
You are dopey. (Int -2)
You occasionally shout uncontrollably at your foes.
You are sometimes teleported next to monsters.
You are weak. (Str -2)


Message History

Smite: a tentacled monstrosity (blue smoke, severely wounded, constricting you)
You smite the tentacled monstrosity!!!
You kill the tentacled monstrosity!
Beogh accepts your kill.
You feel yourself speed up.
The purple draconian shifter casts a spell at you.
You blink.
As you read the scroll of fog, it crumbles to dust.
The scroll dissolves into smoke.
The purple draconian breathes dispelling energy at you.
The bolt of dispelling energy hits you.
Your magical effects are unravelling.
* * * LOW HITPOINT WARNING * * *
You flicker back into view.
You feel a little less mighty now.
As you read the scroll of fog, it crumbles to dust.
The scroll dissolves into smoke.
The black draconian knight casts a spell at you.
The shard of ice hits you!! You partially resist.
* * * LOW HITPOINT WARNING * * *
Your body deteriorates!
You feel dopey.
Throw: 7 darts (curare)
Press: ? - help, Q - select action, (/) - cycle Shift-Dir - straight line, f - black draconian knight
Aim: a black draconian knight, wielding a +7 war axe of distortion and wearing a +0 cloak (blue smoke, lightly wounded, slightly transparent, 62% to hit)
You throw a curare-tipped dart.
The curare-tipped dart barely misses the black draconian knight.
Throw: 6 darts (curare)
Press: ? - help, Q - select action, (/) - cycle Shift-Dir - straight line, f/p - black draconian knight
Aim: a black draconian knight, wielding a +7 war axe of distortion and wearing a +0 cloak (black smoke, lightly wounded, slightly transparent, 62% to hit)
You throw a curare-tipped dart.
The curare-tipped dart hits the black draconian knight.
The black draconian knight is poisoned.
The black draconian knight convulses.
The black draconian knight seems to slow down.
The black draconian knight is moderately wounded.
There is an open door, spattered with blood here.
Items here: )) ? ÷÷.
Okay, then.
Okay, then.
The black draconian knight breathes lightning at you.
The bolt of lightning hits you!!
You die...

.##### #..§§§§#
####≈## #..§§§§#
###§≈≈## #.§§§§§#
##§§.≈≈## #.§.§§§#
#§§§..≈≈####.§§§§§#
...§§......#.§§§§§#
####§#####....§§q§#
####.# #######§##
.....# #@# '#####
#§# .# ###.# .#
#.).# .# #.### .#
#.# .########## #.#
..........# #.#
.######...####.#


You could see a black draconian knight (invisible, very poisoned, slow, catching
breath).

Vanquished Creatures
  A dread lich (Vaults:4)
  2 orbs of fire
  A juggernaut (Depths:1)
  2 caustic shrikes
  A Killer Klown (Zot:3)
  A curse toe (Zot:2)
  3 golden dragons
  Nikola (Swamp:2)
  Jory (Vaults:3)
  Jorgrun (D:9)
  16 tentacled monstrosities
  Mlioglotl (Swamp:2)
  2 deep elf blademasters (Elf:3)
  6 quicksilver dragons
  6 titans
  2 deep elf master archers (Elf:3)
  3 liches
  4 acid blobs
  7 death cobs
  7 sphinxes
  11 storm dragons
  10 shadow dragons
  6 tengu reavers
  4 draconian monks
  3 iron dragons
  Donald (Elf:1)
  4 deep elf sorcerers (Elf:3)
  6 azure jellies
  4 draconian knights
  5 fire giants
  2 draconian shifters
  10 frost giants
  An emperor scorpion (Spider:3)
  6 draconian scorchers
  A spectral caustic shrike (Depths:1)
  2 juggernaut zombies (Depths:3)
  7 ghost moths
  Aizul (Spider:3)
  10 vault wardens
  A ghost moth (shapeshifter) (Depths:2)
  4 draconian annihilators
  4 draconian stormcallers
  12 ironbound preservers
  A reaper (Depths:2)
  2 spriggan defenders (Depths:3)
  7 deep elf elementalists
  4 war gargoyles
  19 very ugly things
  14 stone giants
  2 broodmothers
  4 ironbound thunderhulks
  A caustic shrike skeleton (Depths:3)
  4 green draconians
  4 deep elf demonologists
  3 eleionomae
  8 red draconians
  4 entropy weavers
  2 vampire knights
  10 deep elf annihilators
  8 black draconians
  7 white draconians
  7 purple draconians
  A bunyip (shapeshifter) (Vaults:5)
  10 yellow draconians
  3 bunyips
  8 spark wasps
  A crystal guardian (Vaults:4)
  5 deep elf death magi (Elf:3)
  An eidolon (Vaults:3)
  7 ettins
  12 fire dragons
  6 deep elf high priests
  A jiangshi (Depths:3)
  A rakshasa (Depths:3)
  32 vault guards
  11 yaktaur captains
  8 great orbs of eyes
  6 ice dragons
  2 boulder beetles
  14 hydras
  Erolcha (D:10)
  2 peacekeepers
  4 spriggan air magi
  8 centaur warriors
  Erica (D:9)
  15 two-headed ogres
  A merfolk avatar (Lair:6)
  An ogre mage (Orc:2)
  13 ironbound frosthearts
  10 deep troll shamans
  16 dancing weapons
  3 tengu warriors
  7 alligators
  2 vampire magi
  4 death yaks (Lair:4)
  5 spriggan berserkers
  A titan zombie (Depths:1)
  7 deep troll earth magi
  A soul eater (Depths:2)
  3 hell knights
  9 deep elf knights
  A fire crab (shapeshifter) (Depths:2)
  2 sixfirhies (Depths:2)
  A pharaoh ant (Spider:4)
  46 deep trolls
  A spark wasp zombie (Depths:3)
  4 iron trolls
  4 goliath frogs
  6 swamp dragons
  A flayed ghost (Depths:3)
  2 sun moths (Spider:1)
  The ghost of osinmv the Grappler, a novice TrMo of Cheibriados (D:6)
  3 spriggan druids
  3 skeletal warriors (D:14)
  An orb spider (Spider:3)
  A phantasmal warrior (Vaults:4)
  A sea snake (Lair:6)
  A bog body (Swamp:2)
  4 deep elf archers
  7 glowing orange brains
  A shadow dragon zombie (Vaults:4)
  8 harpies
  Pikel (D:4)
  4 lindwurms
  8 necromancers
  16 ironbound convokers
  An obsidian statue (D:12)
  2 orc sorcerers
  16 wizards
  4 orc knights
  22 deep elf pyromancers
  24 deep elf zephyrmancers
  6 wolf spiders
  A shining eye (Slime:2)
  An oklob plant (Lair:1)
  2 manticores
  6 cyclopes
  5 will-o-the-wisps
  3 salamanders (Volcano)
  3 elephants
  42 ugly things
  15 moths of wrath
  2 black mambas
  2 ice statues (Vaults:3)
  14 vault sentinels
  A naga mage (Vaults:3)
  A titan simulacrum (Depths:1)
  2 orange demons
  3 rime drakes
  A smoke demon (Depths:2)
  Maggie (D:9)
  An eye of devastation (shapeshifter) (Vaults:4)
  A rime drake (shapeshifter) (Elf:1)
  An unseen horror (D:12)
  3 demonic crawlers
  A yaktaur zombie (Vaults:4)
  5 cane toads
  2 human skeletons
  A kobold demonologist (D:11)
  A guardian mummy (Vaults:1)
  A komodo dragon (shapeshifter) (Elf:3)
  An efreet (D:15)
  9 komodo dragons
  An anaconda simulacrum (Vaults:3)
  A yaktaur (shapeshifter) (Vaults:5)
  19 yaktaurs
  5 tengu conjurers
  11 trolls
  8 hornets
  A tarantella (shapeshifter) (Vaults:5)
  Grinder (D:3)
  A bloated husk (Swamp:1)
  8 meliai
  A polar bear (Depths:4)
  7 tarantellas
  6 tyrant leeches
  27 slime creatures
  A raiju (Abyss:2)
  8 blink frogs
  8 culicivoras
  2 jumping spiders (Spider:4)
  9 water elementals
  10 spriggans
  A shadow (D:12)
  A wyvern (shapeshifter) (Elf:1)
  16 yaks
  An air elemental (Elf:2)
  An ettin skeleton (Vaults:4)
  9 wyverns
  3 wraiths
  2 ynoxinuls
  Eustachio (D:6)
  5 fire bats (Volcano)
  3 hogs
  A human (shapeshifter) (Elf:3)
  13 redbacks
  A fire elemental (Elf:3)
  2 neqoxecs (Depths:2)
  5 steam dragons
  A chaos spawn (Depths:2)
  9 vampire mosquitoes
  2 wargs
  9 swamp worms
  An ogre zombie (Vaults:4)
  A water moccasin (shapeshifter) (Vaults:1)
  8 water moccasins
  An ice beast (Vaults:3)
  2 hell hounds (Lair:4)
  5 swamp drakes (Swamp:4)
  A swamp drake (shapeshifter) (Vaults:4)
  11 orc warriors
  5 sky beasts
  A black bear (Depths:4)
  A necrophage (D:6)
  A black mamba simulacrum (Vaults:3)
  2 fire dragon simulacra (Vaults:3)
  15 ogres
  6 wolves
  3 boggarts (D:15)
  6 centaurs
  2 lemures
  A phantom (D:6)
  3 earth elementals
  3 kobold brigands
  9 bullfrogs
  3 scorpions
  2 wyvern zombies (Ossuary)
  2 water moccasin zombies (Ossuary)
  A wyvern skeleton (D:7)
  A water moccasin skeleton (D:4)
  2 elephant simulacra (Vaults:3)
  12 killer bees
  3 howler monkeys
  A vampire bat (Vaults:3)
  2 jellies
  5 electric eels
  6 centaur zombies
  7 bullfrog zombies
  4 hounds
  11 orc priests
  A centaur skeleton (D:7)
  Jessica (D:3)
  A hell rat (Lair:4)
  Ijyb (D:3)
  9 orc wizards
  An iguana (D:5)
  5 killer bee zombies
  A troll simulacrum (Vaults:3)
  11 mummies (Ossuary)
  3 howler monkey zombies
  Robin (D:2)
  12 gnolls
  8 adders
  3 river rats
  A naga simulacrum (Vaults:3)
  2 shadow imps
  5 white imps
  3 ufetubi
  5 worms
  A dart slug (D:1)
  29 orcs
  8 ball pythons
  6 endoplasms
  4 giant cockroaches
  15 goblins
  7 hobgoblins
  13 kobolds
  6 quokkas
  10 bats
  2 frilled lizards (D:1)
  8 rats
  A plant (Lair:1)
1427 creatures vanquished.

Vanquished Creatures (collateral kills)
  the Lernaean hydra (Swamp:4)
  Rupert (D:15)
  Kirke (Lair:6)
  Agnes (D:15)
  A shadow dragon (Vaults:5)
  A fenstrider witch (Swamp:4)
  A fire giant (Depths:2)
  2 frost giants
  4 spectral caustic shrikes (Depths:1)
  5 vault wardens
  An emperor scorpion (Spider:4)
  A broodmother (Spider:3)
  5 ironbound thunderhulks
  A quicksilver ooze (Slime:1)
  A stone giant (Vaults:5)
  A vampire knight (Depths:3)
  The ghost of boopmooplesden the Fencer, a journeyman MiBe of Trog (Lair:5)
  5 very ugly things
  A deep elf demonologist (Elf:1)
  2 eleionomae
  A deep elf annihilator (Vaults:5)
  2 bunyips
  2 spark wasps
  An entropy weaver (Spider:4)
  A deep elf death mage (Elf:1)
  A deep elf high priest (Elf:1)
  4 fire dragons
  A shambling mangrove (Swamp:1)
  Josephine (D:9)
  16 hydras
  5 vault guards
  3 great orbs of eyes
  A boulder beetle (D:12)
  A spriggan air mage (Depths:3)
  An anaconda (Lair:4)
  A centaur warrior (D:12)
  2 radroaches (Spider:4)
  A death knight (D:12)
  4 ironbound frosthearts
  An ogre mage (Orc:2)
  3 alligators
  20 dancing weapons
  5 two-headed ogres
  A deep troll shaman (Depths:4)
  A death yak (Lair:4)
  4 deep troll earth magi
  5 hell knights
  A spriggan berserker (Depths:3)
  Sonja (D:12)
  3 deep elf knights (Elf:1)
  An iron troll (Depths:1)
  6 pharaoh ants
  A skeletal warrior (D:12)
  2 goliath frogs (Swamp:4)
  3 sea snakes (Lair:6)
  13 deep trolls
  A glowing orange brain (Depths:1)
  3 steelbarb worms
  A flayed ghost (Depths:2)
  A sea snake (shapeshifter) (D:14)
  5 swamp dragons
  A bog body (Swamp:2)
  5 deep elf archers
  3 spriggan druids
  An orange crystal statue (Vaults:4)
  A wizard (Vaults:1)
  3 orb spiders
  A necromancer (D:15)
  A lindwurm (Lair:5)
  A harpy (Vaults:2)
  An orc knight (Vaults:1)
  7 deep elf pyromancers
  10 wolf spiders
  3 ironbound convokers
  5 oklob plants
  9 deep elf zephyrmancers
  A tengu skeleton (Depths:1)
  2 orc sorcerers
  A salamander (shapeshifter) (Vaults:4)
  A cyclops (D:15)
  6 will-o-the-wisps
  15 ugly things
  11 elephants
  2 moths of wrath (Spider:4)
  A manticore (Lair:6)
  2 black mambas
  2 torpor snails
  3 vault sentinels
  10 cane toads
  6 komodo dragons
  A yaktaur zombie (Vaults:2)
  9 yaktaurs
  2 demonic crawlers
  A guardian mummy (Vaults:1)
  A freezing wraith (D:12)
  A bloated husk (Swamp:2)
  8 trolls
  2 polar bears (Lair:6)
  18 tarantellas
  9 meliai
  A tyrant leech (Swamp:1)
  10 hornets
  15 slime creatures
  17 blink frogs
  2 snapping turtles (Lair:6)
  12 jumping spiders
  8 spriggans
  18 culicivoras
  2 water elementals
  A basilisk (Lair:3)
  33 yaks
  4 wraiths
  A hog (Lair:6)
  A fire elemental (Elf:3)
  22 redbacks
  6 vampire mosquitoes
  3 swamp worms
  A warg (Orc:2)
  10 water moccasins
  A black bear (Lair:1)
  5 orc warriors
  4 swamp drakes
  9 ogres
  3 wolves
  2 centaurs
  9 bullfrogs
  A glowing shapeshifter simulacrum (Vaults:2)
  2 earth elementals (Elf:1)
  A wyvern zombie (D:8)
  5 killer bees (D:8)
  A howler monkey (D:8)
  2 electric eels (D:14)
  2 centaur zombies
  An orc priest (D:9)
  2 orc wizards
  3 gnolls (Orc:1)
  15 orcs
  A fungus (Lair:3)
571 creatures vanquished.

Vanquished Creatures (others)
  5 orc warlords
  A draconian knight (Zot:2)
  A yaktaur captain (Vaults:4)
  An orc high priest (Vaults:5)
  A rakshasa (Depths:2)
  An ogre mage (D:15)
  2 deep elf knights (Elf:1)
  A wizard (Depths:1)
  16 orc knights
  A bloated husk (Swamp:2)
  A tyrant leech (Swamp:2)
  A slime creature (D:13)
  A jumping spider (Spider:3)
  18 orc warriors
  4 humans (Lair:6)
  A redback (Spider:4)
  9 orc priests
  6 orc wizards
  48 orcs
  A bush (Lair:6)
  47 foxfires
  37 fungi
  169 plants
  4 starspawn tentacles
  14 withered plants
391 creatures vanquished.

Grand Total: 2389 creatures vanquished

Notes
Turn   | Place    | Note
-------+----------+-------------------------------------------
     0 | D:1      | croobank the Hill Orc Fighter began the quest for the Orb.
     0 | D:1      | Reached XP level 1. HP: 19/19 MP: 1/1
   113 | D:1      | Reached XP level 2. HP: 19/27 MP: 2/2
   253 | D:1      | Found a faded altar of an unknown god.
   505 | D:1      | Reached XP level 3. HP: 33/33 MP: 3/3
  1324 | D:2      | Reached XP level 4. HP: 28/40 MP: 4/4
  1337 | D:2      | Noticed Robin
  1347 | D:2      | Killed Robin
  1766 | D:2      | Found a burning altar of Makhleb.
  2052 | D:3      | Found an opulent altar of Gozag.
  2059 | D:3      | Noticed an orc warrior
  2095 | D:3      | Killed an orc warrior
  2096 | D:3      | Reached XP level 5. HP: 15/47 MP: 5/5
  2142 | D:3      | Found a glowing drain.
  2346 | Sewer    | Entered a sewer
  2420 | Sewer    | Reached skill level 5 in Fighting
  2420 | Sewer    | Reached XP level 6. HP: 52/56 MP: 6/6
  2589 | Sewer    | Reached skill level 5 in Axes
  2706 | Sewer    | Reached skill level 5 in Armour
  3201 | D:3      | Noticed Grinder
  3219 | D:3      | Killed Grinder
  3220 | D:3      | Reached skill level 5 in Shields
  3220 | D:3      | Reached XP level 7. HP: 43/62 MP: 7/7
  3248 | D:3      | Noticed Jessica
  3249 | D:3      | Noticed Ijyb
  3268 | D:3      | Killed Jessica
  3272 | D:3      | Killed Ijyb
  4109 | D:4      | Found a staircase to the Ecumenical Temple.
  4241 | D:4      | Reached XP level 8. HP: 71/71 MP: 8/8
  4451 | D:4      | Got Ral Maj's Catalogue of Entrancing Conjuration
  4453 | D:4      | Became a worshipper of Beogh the Brigand
  4861 | D:4      | Found an ornate altar of the Wu Jian Council.
  4869 | D:4      | Found a broken altar of Ashenzari.
  4881 | D:4      | Found a glowing golden altar of the Shining One.
  4932 | D:5      | Entered Level 5 of the Dungeon
  5082 | D:5      | Reached skill level 1 in Invocations
  5320 | D:5      | Noticed Pikel
  5362 | D:4      | Killed Pikel
  5363 | D:4      | Reached XP level 9. HP: 44/79 MP: 9/11
  5998 | D:6      | Found a sand-covered staircase.
  6002 | Ossuary  | Entered an ossuary
  6171 | Ossuary  | Reached * piety under Beogh
  6752 | D:6      | Found a sacrificial altar of Ru.
  6792 | D:6      | Reached skill level 5 in Invocations
  6893 | D:6      | Noticed Eustachio
  6901 | D:6      | Killed Eustachio
  6942 | D:6      | Reached ** piety under Beogh
  7333 | D:6      | Found a large runed translucent door.
  7334 | D:6      | Found a large runed translucent door.
  7379 | D:6      | Noticed osinmv's ghost (novice TrMo)
  7601 | D:7      | Reached XP level 10. HP: 68/90 MP: 14/14
  7833 | D:7      | Found a shimmering altar of Xom.
  8309 | D:7      | Found a hazy altar of Hepliaklqana.
  9383 | D:8      | Found a roughly hewn altar of Beogh.
  9383 | D:8      | Found the +7 staff of the Meek {protect, meekguard}
  9511 | D:8      | Identified the +3 trident of the Fifty Blessings {spect,
                  | Str+6}
  9572 | D:8      | Reached *** piety under Beogh
  9636 | D:8      | Reached skill level 1 in Polearms
  9968 | D:9      | Noticed Maggie
  9975 | D:9      | Killed Maggie
 10009 | D:9      | Found a white marble altar of Elyvilon.
 10082 | D:9      | Noticed Erica
 10086 | D:9      | Found a shimmering blue altar of Sif Muna.
 10091 | D:9      | Killed Erica
 10092 | D:9      | Reached skill level 10 in Fighting
 10092 | D:9      | Reached XP level 11. HP: 74/99 MP: 16/16
 10238 | D:9      | Gained Arbeogh as an ally
 10577 | D:9      | Found a staircase to the Orcish Mines.
 11074 | Orc:1    | Entered Level 1 of the Orcish Mines
 11074 | Orc:1    | Noticed an orc sorcerer
 11080 | Orc:1    | Killed an orc sorcerer
 11085 | Orc:1    | Noticed an orc sorcerer
 11086 | Orc:1    | Noticed Jorgrun
 11090 | Orc:1    | Noticed Josephine
 11112 | D:10     | Entered Level 10 of the Dungeon
 11424 | D:10     | Noticed a two-headed ogre
 11430 | D:10     | Killed a two-headed ogre
 11466 | D:10     | Found a bloodstained altar of Trog.
 11476 | D:10     | Noticed Erolcha
 11504 | D:10     | Killed Erolcha
 11838 | D:10     | Found a burning altar of Makhleb.
 11859 | D:10     | Noticed a green ugly thing
 11859 | D:10     | Noticed a cyan ugly thing
 11861 | D:10     | Noticed a brown ugly thing
 11863 | D:10     | Noticed a brown ugly thing
 11863 | D:10     | Noticed a brown ugly thing
 11866 | D:10     | Killed a green ugly thing
 11870 | D:10     | Killed a green ugly thing
 11870 | D:10     | Noticed a purple ugly thing
 11897 | D:10     | Killed a green ugly thing
 11898 | D:10     | Reached skill level 5 in Polearms
 11899 | D:10     | Killed a red ugly thing
 11900 | D:10     | Reached skill level 10 in Armour
 11904 | D:10     | Killed a green ugly thing
 11905 | D:10     | Reached skill level 10 in Shields
 11906 | D:10     | Killed a green ugly thing
 11928 | D:10     | Noticed a wizard
 11933 | D:10     | Killed a wizard
 12002 | D:10     | Noticed a wizard
 12003 | D:10     | Noticed a red very ugly thing
 12017 | D:10     | Killed a red very ugly thing
 12018 | D:10     | Reached XP level 12. HP: 82/110 MP: 19/19
 12238 | D:10     | Noticed a two-headed ogre
 12246 | D:10     | Killed a two-headed ogre
 12395 | D:10     | Found a roughly hewn altar of Beogh.
 12478 | D:10     | Found a glowing silver altar of Zin.
 12616 | D:10     | Reached **** piety under Beogh
 12894 | D:10     | Reached skill level 10 in Invocations
 13043 | D:11     | Found an opulent altar of Gozag.
 13152 | D:11     | Gained Dorog as an ally
 13755 | D:12     | Noticed a death knight
 13764 | D:12     | Killed a death knight
 14072 | D:12     | Noticed a two-headed ogre
 14079 | D:12     | Killed a two-headed ogre
 14085 | D:12     | Noticed a boulder beetle
 14098 | D:12     | Killed a boulder beetle
 14241 | D:12     | Noticed Sonja
 14251 | D:12     | Killed Sonja
 14499 | D:12     | Noticed a two-headed ogre
 14505 | D:12     | Killed a two-headed ogre
 14594 | D:12     | Noticed a centaur warrior
 14601 | D:12     | Killed a centaur warrior
 15197 | D:13     | Reached XP level 13. HP: 119/119 MP: 18/21
 15198 | D:13     | Found a gate to the Vaults.
 15235 | D:13     | Noticed a yaktaur captain
 15240 | D:13     | Your ally Arbeogh died
 15244 | D:13     | Killed a yaktaur captain
 16139 | D:8      | Found a staircase to the Lair.
 16570 | D:8      | Found an ancient bone altar of Kikubaaqudgha.
 16589 | Lair:1   | Entered Level 1 of the Lair of Beasts
 16961 | Lair:1   | Gained Korbok as an ally
 17386 | Lair:1   | Gained Garbold as an ally
 18556 | Lair:2   | Reached ***** piety under Beogh
 18829 | Lair:2   | Found a staircase to the Swamp.
 19133 | Lair:3   | Reached XP level 14. HP: 129/129 MP: 23/23
 19394 | Lair:3   | Found a blossoming altar of Fedhas.
 20000 | Lair:3   | Found a hole to the Spider Nest.
 20723 | Lair:4   | Found a dark tunnel.
 20738 | Volcano  | Entered a volcano
 21743 | Lair:4   | Reached skill level 10 in Polearms
 23065 | Lair:5   | Found a runed translucent gate.
 23065 | Lair:5   | Found a runed translucent gate.
 23065 | Lair:5   | Found a runed translucent gate.
 23312 | Lair:5   | Noticed boopmooplesden's ghost (journeyman MiBe)
 23326 | Lair:5   | Killed boopmooplesden's ghost
 24192 | Lair:6   | Entered Level 6 of the Lair of Beasts
 24208 | Lair:6   | Noticed Kirke
 24224 | Lair:6   | Killed Kirke
 24515 | Lair:6   | Reached XP level 15. HP: 119/139 MP: 25/25
 24933 | Lair:6   | Reached ****** piety under Beogh
 25015 | Lair:6   | Found a viscous altar of Jiyva.
 25016 | Lair:6   | Found a staircase to the Slime Pits.
 25331 | Lair:6   | Identified the +6 trident of Wealth {elec, rElec rF+ rN+}
 25826 | D:6      | Killed osinmv's ghost
 25827 | D:6      | Reached skill level 15 in Fighting
 25911 | D:9      | Killed Josephine
 25940 | D:9      | Killed Jorgrun
 26056 | Orc:1    | Paralysed by an orc sorcerer for 5 turns
 26508 | Orc:2    | Entered Level 2 of the Orcish Mines
 26508 | Orc:2    | Found a gateway to a bazaar.
 26518 | Bazaar   | Entered a bazaar
 26518 | Bazaar   | Found Poixawie's Magic Scroll Boutique.
 26518 | Bazaar   | Found Ygovoab's General Store.
 26521 | Bazaar   | Found Yjoeqam's Book Boutique.
 26548 | Bazaar   | Found Ystraot's Assorted Antiques.
 26555 | Bazaar   | Bought a scroll of enchant weapon for 210 gold pieces
 26584 | Bazaar   | Found Efit's Armour Shop.
 26588 | Bazaar   | Bought a scroll of acquirement for 572 gold pieces
 26588 | Bazaar   | Acquired the +1 cloak "Pouq" {Regen+ Str+3}
 26678 | Orc:1    | Gained Ortolf as an ally
 26701 | Orc:2    | Your ally Ortolf died
 26716 | Orc:1    | Gained Gorg as an ally
 26799 | Orc:2    | Reached skill level 15 in Invocations
 26804 | Orc:2    | Found Gionon's Book Boutique.
 26808 | Orc:2    | Found Linwit Gae's General Store.
 26808 | Orc:2    | Found Hietsul's Antique Weapon Shop.
 26808 | Orc:2    | Found Puid's Weapon Boutique.
 26927 | Orc:2    | Bought 3 datura-tipped darts for 14 gold pieces
 26953 | Orc:2    | Found Mefitaes's Antique Armour Shoppe.
 27047 | Orc:2    | Found a staircase to the Elven Halls.
 27116 | Orc:2    | Found Igegimn's Weapon Emporium.
 27467 | Elf:1    | Entered Level 1 of the Elven Halls
 27573 | Elf:1    | Found a radiant altar of Vehumet.
 27969 | Elf:1    | Reached XP level 16. HP: 123/150 MP: 19/27
 28081 | Elf:1    | Your ally Gorg died
 28204 | Elf:1    | Found Ben Akh's Antique Armour Emporium.
 28298 | Elf:1    | Bought a glowing tower shield for 202 gold pieces
 28381 | Elf:1    | Noticed Donald
 28403 | Elf:1    | Killed Donald
 29102 | Spider:1 | Entered Level 1 of the Spider Nest
 29359 | Spider:1 | Reached skill level 15 in Shields
 29391 | Spider:1 | Reached skill level 15 in Armour
 30755 | Spider:3 | Noticed Aizul
 30766 | Spider:3 | Killed Aizul
 31452 | Spider:4 | Entered Level 4 of the Spider Nest
 31713 | Spider:4 | Reached XP level 17. HP: 136/160 MP: 23/29
 31949 | Spider:4 | Your ally Korbok died
 32239 | Spider:4 | Got a gossamer rune of Zot
 32438 | Swamp:1  | Entered Level 1 of the Swamp
 32530 | Swamp:1  | Your ally Garbold died
 33208 | Swamp:2  | Noticed Mlioglotl
 33216 | Swamp:2  | Noticed a tentacled starspawn
 33219 | Swamp:2  | Killed Mlioglotl
 33647 | Swamp:2  | Noticed a tentacled monstrosity
 33656 | Swamp:2  | Killed a tentacled monstrosity
 33760 | Swamp:2  | Noticed Nikola
 33770 | Swamp:2  | Killed Nikola
 34059 | Swamp:3  | Found a runed translucent door.
 34064 | Swamp:3  | Noticed Amet's ghost (journeyman MiBe)
 34572 | Swamp:4  | Entered Level 4 of the Swamp
 34985 | Swamp:4  | Reached XP level 18. HP: 164/171 MP: 27/30
 35062 | Swamp:4  | Identified the +5 falchion "Dragonbane" {pain, rC+ Int+5
                  | Dex+2}
 35402 | Swamp:4  | Noticed the 27-headed Lernaean hydra
 35409 | Swamp:4  | Killed the 27-headed Lernaean hydra
 35715 | Swamp:4  | Got a decaying rune of Zot
 36108 | Elf:2    | Found a runed translucent gate.
 36108 | Elf:2    | Found a runed translucent gate.
 36114 | Elf:2    | Found a runed translucent gate.
 36176 | Elf:2    | Found a flickering gateway to a bazaar.
 36184 | Bazaar   | Entered a bazaar
 36184 | Bazaar   | Found Ittaiq's Antique Weapon Emporium.
 36184 | Bazaar   | Found Itepla's Weapon Emporium.
 36185 | Bazaar   | Found Gyqiacra's Assorted Antiques.
 36185 | Bazaar   | Found Xeqolixt's Assorted Antiques.
 36201 | Bazaar   | Bought a scintillating bronze ring for 165 gold pieces
 36201 | Bazaar   | Identified the ring of Soded {Dex+6 Stlth+} (You bought it
                  | in a shop in a bazaar)
 36659 | Elf:2    | Paralysed by an air elemental for 1 turns
 36664 | Elf:2    | Paralysed by an air elemental for 1 turns
 36669 | Elf:2    | Identified the +7 spear of Contention {venom, Str+3}
 37091 | Elf:2    | Cast into level 2 of the Abyss (+3 bardiche of distortion)
 37123 | Abyss:2  | Found a corrupted altar of Lugonu.
 37207 | Elf:2    | Escaped the Abyss
 37632 | Vaults:1 | Entered Level 1 of the Vaults
 37738 | Vaults:1 | Reached skill level 15 in Polearms
 38149 | Vaults:1 | Your ally Dorog died
 38759 | Vaults:1 | Reached XP level 19. HP: 127/181 MP: 22/32
 39134 | Vaults:1 | Gained Margrim as an ally
 39135 | Vaults:1 | Found a portal to a secret trove of treasure.
 39260 | Vaults:1 | Identified the +3 kite shield of Jasoriniu {Rampage Str+3}
 39980 | Vaults:2 | Identified the +2 pair of boots "Eveoq" {*Slow rC+ Dex+6}
 40176 | Vaults:2 | Cast into level 2 of the Abyss (a wizard)
 40233 | Abyss:2  | Found a corrupted altar of Lugonu.
 40253 | Vaults:2 | Escaped the Abyss
 41666 | D:14     | Found a runed translucent gate.
 41666 | D:14     | Found a runed translucent gate.
 41689 | D:14     | Found a runed translucent gate.
 42414 | D:15     | Entered Level 15 of the Dungeon
 42414 | D:15     | Noticed Agnes
 42422 | D:15     | Cast into level 3 of the Abyss (Agnes)
 42427 | Abyss:3  | Found a corrupted altar of Lugonu.
 42505 | D:15     | Escaped the Abyss
 42511 | D:15     | Killed Agnes
 42563 | D:15     | Noticed Rupert
 42577 | D:15     | Killed Rupert
 42720 | D:15     | Found a staircase to the Depths.
 43732 | Depths:1 | Entered Level 1 of the Depths
 44083 | Depths:1 | Found a gateway to Hell.
 44085 | Depths:1 | Gained Bogdar as an ally
 44094 | Depths:1 | Reached XP level 20. HP: 130/183 MP: 24/33
 44298 | Depths:1 | Your ally Margrim died
 44348 | Depths:1 | Found a runed translucent door.
 44373 | Depths:1 | Found a one-way gate to the infinite horrors of the Abyss.
 44422 | Depths:1 | Found a broken altar of Ashenzari.
 44723 | Depths:1 | Found Ygruireo's Book Boutique.
 44873 | Depths:1 | Noticed mrw3rdna's ghost (veteran MiAK)
 46172 | Depths:2 | Noticed a juggernaut
 46193 | Depths:2 | Your ally Bogdar died
 46199 | Depths:2 | Found Ismia's Book Shoppe.
 46211 | Depths:2 | Found Woodonacw's Jewellery Boutique.
 46213 | Depths:2 | Found Toosod's Book Shoppe.
 46984 | Depths:1 | Killed a juggernaut
 47128 | Depths:2 | Paralysed by a great orb of eyes for 4 turns
 47348 | Depths:2 | Bought a ring of willpower for 425 gold pieces
 47693 | Depths:2 | Found a one-way gate leading to the halls of Pandemonium.
 48021 | Depths:2 | Paralysed by a great orb of eyes for 2 turns
 48596 | Depths:3 | Gained Worak as an ally
 48753 | Depths:3 | Your ally Worak died
 48759 | Depths:3 | Reached skill level 1 in Dodging
 48949 | Depths:3 | Noticed a caustic shrike
 49034 | Depths:3 | Killed a caustic shrike
 49109 | Depths:3 | Reached XP level 21. HP: 201/201 MP: 32/35
 49159 | Depths:2 | Paralysed by a great orb of eyes for 7 turns
 49257 | Depths:2 | Reached skill level 5 in Dodging
 49688 | Depths:3 | Found a one-way gateway to a ziggurat.
 49704 | Depths:3 | Noticed a caustic shrike
 49744 | Depths:2 | Killed a caustic shrike
 49947 | Depths:2 | Identified the +6 quarterstaff "Iticeps" {vorpal, *Slow
                  | rF++}
 50785 | Depths:3 | Identified the +6 hand axe of Xepem {venom, rF+ Int+5
                  | Dex-5}
 50785 | Depths:3 | Identified the ring of Doubts {rC+ Dex+6}
 50831 | Depths:3 | Identified the +1 scale mail of the Enchanted Forest {Str+6
                  | Int+4}
 50908 | Depths:3 | Found the +6 lightning scales {swift, rElec}
 51001 | Depths:3 | Identified the +7 mace of Misery {venom, rElec rC+ Dex-4}
 51398 | Depths:3 | Identified the +0 pair of gloves "Mijem" {rElec Int+5}
 51470 | Depths:4 | Entered Level 4 of the Depths
 51542 | Depths:3 | Gained Okrist as an ally
 51891 | Depths:4 | Your ally Okrist died
 52432 | Depths:3 | Reached skill level 10 in Dodging
 53019 | Depths:4 | Noticed a golden dragon
 53189 | Depths:4 | Killed a golden dragon
 53392 | Depths:4 | Reached XP level 22. HP: 181/203 MP: 31/36
 53526 | Depths:4 | Found a gate to the Realm of Zot.
 54219 | Vaults:3 | Found a staircase to the Crypt.
 54219 | Vaults:3 | Found an ancient bone altar of Kikubaaqudgha.
 54220 | Vaults:3 | Found a basalt altar of Yredelemnul.
 54372 | Vaults:3 | Noticed Jory
 54386 | Vaults:3 | Killed Jory
 55261 | Vaults:3 | Got the Disquisition on Transmigration
 55695 | Vaults:3 | Got the Reference Book on the Snowflakes
 56002 | Vaults:4 | Identified the +2 scale mail "Wumyin" {Contam rPois Int+3
                  | Dex+2}
 57175 | Vaults:4 | Gained Harm as an ally
 57330 | Vaults:4 | Reached skill level 15 in Dodging
 57567 | Vaults:5 | Entered Level 5 of the Vaults
 57776 | Vaults:4 | Your ally Harm died
 57855 | Vaults:4 | Reached XP level 23. HP: 182/216 MP: 30/37
 59112 | Vaults:5 | Gained Gorbash as an ally
 59119 | Vaults:5 | Your ally Gorbash died
 59125 | Vaults:5 | Identified the amulet of Qecwuif {Reflect *Corrode rF+
                  | Regen+ SH+5}
 59128 | Vaults:5 | Identified the +6 arbalest of the Coward {venom, Will+}
 59129 | Vaults:5 | Identified the +1 leather armour of Paranoia {rElec rF++
                  | rC- Regen+}
 59139 | Vaults:4 | Gained Olfik as an ally
 59300 | Vaults:5 | Your ally Olfik died
 59330 | Vaults:4 | Gained Boldo as an ally
 59489 | Vaults:5 | Noticed a dread lich
 59626 | Vaults:5 | Identified the +9 lajatang of Ascent {flame, Dex+7}
 59638 | Vaults:4 | Your ally Boldo died
 59646 | Vaults:4 | Killed a dread lich
 60775 | Vaults:5 | Gained Korbok as an ally
 60831 | Vaults:5 | Identified the +7 rapier "Ohemih" {antimagic, Dex+6}
 61003 | Vaults:5 | Your ally Korbok died
 61075 | Vaults:5 | Got a silver rune of Zot
 61506 | Zot:1    | Entered Level 1 of the Realm of Zot
 61634 | Zot:1    | Noticed an orb of fire
 61655 | Zot:1    | Gained mutation: You occasionally shout uncontrollably at
                  | your foes. [an orb of fire]
 61665 | Zot:1    | Gained mutation: Your body sometimes deteriorates upon
                  | taking damage. [an orb of fire]
 61670 | Zot:1    | Gained mutation: You are clumsy. (Dex -2) [an orb of fire]
 61685 | Zot:1    | Killed an orb of fire
 62001 | Zot:1    | Noticed a golden dragon
 62035 | Zot:1    | Killed a golden dragon
 62375 | Zot:1    | Reached XP level 24. HP: 204/224 MP: 0/37
 63982 | Zot:2    | Noticed a curse toe
 63992 | Zot:2    | Killed a curse toe
 65858 | Zot:3    | Got Pugohoy's Incunabulum of Dark Moulding
 66406 | Zot:3    | Noticed a Killer Klown
 66427 | Zot:3    | Killed a Killer Klown
 67364 | Elf:3    | Entered Level 3 of the Elven Halls
 67374 | Elf:3    | Gained Wardok as an ally
 67487 | Elf:3    | Found Olytigeg's Weapon Shop.
 67540 | Elf:3    | Your ally Wardok died
 67912 | Elf:3    | Identified the +5 morningstar of Freehold {venom, rPois
                  | Dex+2}
 67930 | Elf:3    | Identified the ring "Oboleicku" {Ice Drain Str+4 Int+2}
 68026 | Elf:3    | Identified the +6 spear "Ruqyc" {vorpal, Will+}
 68046 | Elf:3    | Identified the amulet "Ocoesulo" {Faith rC++ Str-5 Dex+4
                  | Slay+3}
 68150 | Elf:3    | Identified the +6 chain mail "Zahoennumu" {Str+4 Dex+2}
 68171 | Elf:3    | Identified the amulet of Xeitsuv {Faith Harm rPois}
 68371 | Elf:3    | Got Zownesib's Papyrus of the Unholy Compass
 68705 | Elf:3    | Found Vestrewkirgh's Jewellery Shop.
 69170 | Slime:1  | Entered Level 1 of the Pits of Slime
 69291 | Slime:1  | Reached XP level 25. HP: 228/232 MP: 37/37
 72003 | Zot:4    | Found a huge runed gate.
 72003 | Zot:4    | Found a huge runed gate.
 72003 | Zot:4    | Found a huge runed gate.
 72004 | Zot:4    | Found a huge runed gate.
 72005 | Zot:4    | Found a huge runed gate.
 72006 | Zot:4    | Found a huge runed gate.
 72007 | Zot:4    | Found a huge runed gate.
 72007 | Zot:4    | Found a huge runed gate.
 72008 | Zot:4    | Found a huge runed gate.
 72008 | Zot:4    | Found a huge runed gate.
 72037 | Zot:4    | Found a huge runed gate.
 72037 | Zot:4    | Found a huge runed gate.
 72037 | Zot:4    | Found a huge runed gate.
 72037 | Zot:4    | Found a huge runed gate.
 72037 | Zot:4    | Found a huge runed gate.
 72037 | Zot:4    | Found a huge runed gate.
 72037 | Zot:4    | Noticed an orb of fire
 72037 | Zot:4    | Gained mutation: You have large cloven feet. [an orb of
                  | fire]
 72039 | Zot:4    | Gained mutation: You are occasionally teleported next to
                  | monsters. [an orb of fire]
 72043 | Zot:4    | Gained mutation: Your body often deteriorates upon taking
                  | damage. [an orb of fire]
 72045 | Zot:4    | Gained mutation: You are weak. (Str -2) [an orb of fire]
 72063 | Zot:4    | Gained mutation: Armour fits poorly on your strangely
                  | shaped body. [an orb of fire]
 72068 | Zot:4    | Gained mutation: You are sometimes teleported next to
                  | monsters. [an orb of fire]
 72078 | Zot:4    | Gained mutation: You are dopey. (Int -2) [an orb of fire]
 72084 | Zot:4    | Gained mutation: You tend to lose your temper in combat.
                  | [an orb of fire]
 72085 | Zot:4    | Killed an orb of fire
 72123 | Zot:4    | HP: 1/227 [black draconian knight/bolt of lightning (23)]
 72129 | Zot:4    | HP: 9/227 [constriction (6)]
 72141 | Zot:4    | HP: 5/229 [black draconian knight/shard of ice (34)]
 72145 | Zot:4    | Killed from afar by a black draconian knight

Illustrated notes

Levels and vault maps discovered:
D:1:      lightli_arrival_boilingwater, layout_loops_cross,
          shapermc_ecumenical_altar_mp_ritualfount, st_stairs_8
D:2:      layout_basic, basic_altar, uniq_robin
D:3:      layout_basic, amcnicky_altar_gilded, portal_sewer_entry_e,
          uniq_grinder, uniq_ijyb, uniq_jessica
D:4:      layout_loops_ring, minitemple, temple_statues
D:5:      layout_gridville, uniq_pikel
D:6:      layout_gridville, hangedman_ru_absence,
          lightli_ossuary_entry_decrepit_ruins, ebering_ghost_disaster_area,
          uniq_eustachio
D:7:      layout_basic, xom_teletrap_fun, nicolae_hepliaklqana_hazy_memory,
          nicolae_benzene_ring, minmay_manual_monstrance
D:8:      minmay_polygon_palace, layout_basic, kennysheep_little_box,
          lair_entry_dummy, pf_guarded_unrand_meek
D:9:      layout_stronghold, nicolae_sif_muna_condensation,
          mainiacjoe_overflow_surrounded_room, orc_0_dummy, uniq_maggie,
          uniq_erica
D:10:     cheibrodos_breeding_chamber, layout_long_grid, zin_scriptorium,
          lightli_temple_of_fire, mainiacjoe_overflow_cross_hatched,
          special_room [special_room_orc], uniq_erolcha
D:11:     layout_loops_cross, grunt_gozag_breadcrumbs
D:12:     layout_big_octagon, minmay_protected_statue, uniq_sonja
D:13:     layout_basic, david_vaults_2, skrybe_limestone_x
D:14:     layout_irregular_city, ploomutoo_gammafunk_ghost_potion_laboratory,
          kennysheep_boxes
D:15:     grunt_enter_depths_hoard, layout_loops_ring, uniq_rupert, uniq_agnes
Lair:1:   minmay_lair_oklob_tunnel, layout_chaotic_city, serial_bayou_shore_a,
          grunt_megastairs_2
Lair:2:   layout_regular_city, palyth_hydra_swamp_entry,
          chequers_serial_rivers_room_b, grunt_megastairs_3
Lair:3:   layout_cave_pods, dummy_spider_entry, hangedman_tree_tricks,
          grunt_megastairs_4
Lair:4:   layout_regular_city, gauntlet_entry_generic, enter_volcano_3,
          nzn_random_ring
Lair:5:   layout_cave_pods, ebering_ghost_rock_garden, lemuel_old_faithful
Lair:6:   gammafunk_lair_ancient_temple, layout_long_grid,
          dpeg_slime_entry_enclosed_altar, uniq_kirke
Swamp:1:  layout_falls_marsh, evilmike_swamp_ruin_rubble_2,
          hangedman_swamp_diagram, nicolae_swamp_wisp_ring_woods
Swamp:2:  layout_basic_swamp, infiniplex_staircase_pool_2, swamp_pool1,
          uniq_nikola, uniq_mlioglotl
Swamp:3:  layout_basic_swamp, gammafunk_ghost_grave, nicolae_swamp_oxbows
Swamp:4:  swamp_old_school, layout_basic_swamp, cheibrodos_swamp_pet_leeches
Spider:1: layout_spider_delve, nicolae_spider_paper_wasps
Spider:2: layout_spider_delve
Spider:3: layout_spider_delve, uniq_aizul
Spider:4: grunt_spider_rune_parallel, spiders_nest_the_unseen
Slime:1:  layout_caves
Slime:2:  cheibrodos_slime_lost_civilization_2, layout_caves
Orc:1:    layout_caves, uniq_jorgrun, uniq_josephine
Orc:2:    st_orc_open, layout_caves, serial_shops, bzr_entry_water, shop,
          nicolae_shop_trees, nicolae_orc_damp_corner
Elf:1:    eino_elf_arrival_altar, layout_rooms, serial_shops, shop,
          minivault_28, kennysheep_underground_church, uniq_donald
Elf:2:    nicolae_elf_blades_splatter_lattice [mumra_blade_entry_dagger],
          layout_geoelf_diagonals, serial_shops, bzr_entry_islet
Elf:3:    grunt_elf_hall_asides, layout_gridlike, serial_shops,
          nicolae_shop_bloodbath_and_beyond, shop_fountains, grunt_megastairs_5
Vaults:1: nicolae_vaults_asterisk, nicolae_vaults_triangles, v_rooms_1,
          hangedman_vaults_pinch, nicolae_vaults_windows_and_doors_thing,
          vaults_room_stairs_pillars, vaults_room_corners,
          nicolae_vaults_murderbox, layout_vaults_chaotic_city,
          nicolae_trove_entry_path_of_doom
Vaults:2: vaults_room_boxed, hangedman_vaults_slither,
          ontoclasm_vaults_misaligned, v_misc_30,
          hangedman_vaults_stretched_pinwheel, ontoclasm_vaults_misaligned,
          v_misc_26, vaults_standard_mumra_x, v_misc_26,
          grunt_vaults_hallway_short, vaults_dpeg_ring, vaults_room_semicircle,
          layout_vaults_omnicross, uniq_margery
Vaults:3: v_alt_pattern_2, nicolae_vaults_shelves_hall,
          nicolae_vaults_diagonal_hallway_7, nicolae_vaults_what_the_h,
          vaults_mumra_chevron, hangedman_vaults_stretched_pinwheel,
          hangedman_vaults_trim, minmay_crypt_entry_necro_gods,
          hangedman_vaults_maws, vaults_dpeg_encased_lava,
          layout_vaults_omnigrid, serial_hangedman_research,
          hangedman_research_metamorphosis, hangedman_research_thermodynamics,
          hangedman_research_probablistics, uniq_jory
Vaults:4: nicolae_vaults_little_ls, grunt_vaults_funnel,
          nicolae_vaults_little_squares_1, ontoclasm_vaults_misaligned,
          v_misc_11, nicolae_vaults_border_crossing, v_misc_22,
          vaults_mumra_minichess, v_misc_16, v_rooms_6,
          nicolae_vaults_network_barrier, v_alt_pattern_4, v_misc_22, v_misc_14,
          nicolae_vaults_statue_guard, layout_vaults_omnibox
Vaults:5
Depths:1: layout_gridlike, gammafunk_ghost_grave, ashenzari_altar_1,
          serial_shops, shop_statue, abyss_entry_glasseish,
          pf_hell_entry_tar_river, nrook_mini_vaults
Depths:2: minmay_outward_triangles, layout_gridville, hell_entry,
          grunt_pan_entry_in_and_out, roderic_lattice_octagonal_star,
          infiniplex_staircase_door_maze, minmay_shop_grove,
          serial_bayou_shore_b, firewood_loft
Depths:3: hangedman_pleasuredromes, abyss_entry, hell_entry
Depths:4: grunt_zot_entry_tricorne, layout_long_grid, abyss_entry, hell_entry,
          kilobyte_rumbling_trees
Zot:1:    layout_cathedral_of_symmetry
Zot:2:    layout_basic
Zot:3:    layout_gridlike, grunt_megastairs_1, lemuel_elevator
Zot:4:    nicolae_zot_stationary_front, layout_gridlike, door_vault

Skill      XL: |  1  2  3  4  5  6  7  8  9 10 11 12 13 14 15 16 17 18 19 20 21 22 23 24 25 |
---------------+----------------------------------------------------------------------------+-----
Axes           | 3 4 5 6 7 9 |  9.6
Fighting       | 4 5 6 7 8 10 11 12 13 14 15 16 17 18 19 20 | 20.2
Armour         | 4 5 6 7 9 10 11 12 13 14 15 16 17 18 19 20 21 | 21.1
Shields        | 4 5 6 7 9 10 11 12 13 14 15 16 17 18 19 20 21 | 21.2
Invocations    | 3 5 7 9 11 12 14 15 16 17 18 19 20 | 20.8
Polearms       | 3 5 7 9 10 12 13 14 15 16 17 18 19 | 19.7
Dodging        | 4 11 15 16 17 | 17.8

Action                   |  1- 3 |  4- 6 |  7- 9 | 10-12 | 13-15 | 16-18 | 19-21 | 22-24 | 25-27 || total
-------------------------+-------+-------+-------+-------+-------+-------+-------+-------+-------++-------
Melee: War axe           |    79 |   180 |   417 |   156 |       |       |       |       |       ||   832
       Trident           |       |       |       |   256 |    86 |   556 |  1849 |  1896 |       ||  4643
       Demon trident     |       |       |       |       |   766 |   479 |   232 |   856 |   349 ||  2682
       Unarmed           |       |       |       |       |     2 |       |       |       |       ||     2
       Long sword        |       |       |       |       |       |       |    28 |       |       ||    28
Throw: Dart              |       |       |       |       |       |     1 |     3 |     1 |     4 ||     9
Invok: Convert to Beogh  |       |       |     1 |       |       |       |       |       |       ||     1
       Smiting           |       |       |       |     9 |     9 |    46 |    51 |    36 |     5 ||   156
       Recall Orcish Fol |       |       |       |     1 |     1 |     7 |     2 |       |       ||    11
       Give Item to Name |       |       |       |       |     2 |     1 |     1 |       |       ||     4
Evoke: Wand              |       |       |     1 |    18 |     4 |     1 |     3 |     2 |     2 ||    31
       Box of beasts     |       |       |       |       |       |     4 |     2 |     1 |       ||     7
       Lightning rod     |       |       |       |       |       |     7 |     8 |     4 |       ||    19
       Phial of floods   |       |       |       |       |       |     2 |     3 |     1 |     1 ||     7
       Phantom mirror    |       |       |       |       |       |     2 |     2 |     3 |     1 ||     8
  Use: Scroll            |       |     3 |    15 |    14 |     7 |     8 |    19 |    12 |     6 ||    84
       Potion            |       |     3 |     3 |     4 |       |    27 |     7 |    13 |     8 ||    65
 Stab: Distracted        |       |       |       |     1 |    10 |     5 |     5 |    13 |     1 ||    35
       Paralysed         |       |       |       |     2 |       |       |       |       |       ||     2
       Invisible         |       |       |       |     1 |       |       |       |       |       ||     1
Armor: Scale mail        |    48 |    66 |   152 |    29 |       |       |       |       |       ||   295
       Chain mail        |       |       |       |   101 |       |       |       |       |       ||   101
       Plate armour      |       |       |       |    41 |   415 |   445 |   792 |    72 |       ||  1765
       Gold dragon scale |       |       |       |       |       |       |       |  1012 |   109 ||  1121
Dodge: Dodged            |    42 |    92 |   292 |   178 |   259 |   272 |   533 |   857 |    77 ||  2602
Block: Buckler           |    22 |    38 |   110 |   109 |   186 |     8 |       |       |       ||   473
       Tower shield      |       |       |       |       |       |   835 |    12 |       |       ||   847
       Kite shield       |       |       |       |       |       |       |  1140 |  1929 |   228 ||  3297
       Reflection        |       |       |       |       |       |       |       |       |     3 ||     3
